 Dungeon Crawl Stone Soup version 0.19-a0-36-g4a0968a (webtiles) character file.

227 manon the Insei (level 6, -1/33 HPs)
             Began as a Vine Stalker Monk on May 3, 2016.
             Was a Priest of Ru.
             Slain by an ogre
             ... wielding a +0 giant club
              (18 damage)
             ... on level 4 of the Dungeon.
             The game lasted 00:21:44 (2736 turns).

manon the Insei (Vine Stalker Monk)                 Turns: 2736, Time: 00:21:44

Health: -1/33      AC:  5    Str: 14    XL:     6   Next: 2%
Magic:  0/7        EV: 13    Int: 12    God:    Ru [***...]
Gold:   253        SH:  0    Dex: 16    Spells: 0 memorised, 5 levels left

rFire  . . .     SeeInvis .       - Unarmed
rCold  . . .     Gourm    .     m - +0 leather armour
rNeg   . . .     Faith    .     (no shield)
rPois  .         Spirit   +     (no helmet)
rElec  .         Dismiss  .     w - +0 cloak
rCorr  +         Reflect  .     o - +0 pair of gloves
SustAt .         Harm     .     (no boots)
MR     .....                    (no amulet)
Stlth  ++........               q - ring of flight
                                d - ring of resist corrosion

@: not resistant to hostile enchantments, unstealthy
A: fangs 2, regeneration 2, magic shield, antimagic bite, no device heal 3, rot
immunity, inability to use devices
a: Draw Out Power, Renounce Religion


You were on level 4 of the Dungeon.
You worshipped Ru.
Ru was most pleased with you.
You were very hungry.

You visited 1 branch of the dungeon, and saw 5 of its levels.

You collected 253 gold pieces.

Inventory:

Armour
 a - a +0 robe
 m - a +0 leather armour (worn)
 o - a +0 pair of gloves (worn)
 w - a +0 cloak (worn)
Jewellery
 d - a ring of resist corrosion (left hand)
 q - a ring of flight (right hand)
Wands
 r - a wand of confusion (18/48)
 s - a wand of polymorph (5/24)
Scrolls
 c - 5 scrolls of identify
 e - 5 scrolls of teleportation
 f - 6 scrolls of remove curse
 g - 2 scrolls of magic mapping {unknown}
 h - 2 scrolls of noise {unknown}
 i - 2 scrolls of blinking {unknown}
 j - a scroll of fear {unknown}
 t - 2 scrolls of enchant armour {unknown}
Potions
 k - a potion of mutation {unknown}
 l - a potion of invisibility {unknown}
 n - a potion of berserk rage {unknown}
 p - a potion of heal wounds {unknown}
 u - 2 potions of flight {unknown}
Books
 v - a Young Poisoner's Handbook

   Spells                             Type                      Level
   a - Sting                          Conjuration/Poison           1
   b - Cure Poison                    Poison                       2
   c - Mephitic Cloud                 Conjuration/Poison/Air       3
   d - Olgreb's Toxic Radiance        Poison                       4
   e - Venom Bolt                     Conjuration/Poison           5
Comestibles
 b - 6 bread rations


   Skills:
 + Level 3.8 Fighting
 + Level 3.2 Dodging
 - Level 2.4 Stealth
 * Level 5.7 Unarmed Combat


You had 5 spell levels left.
You didn't know any spells.

Dungeon Overview and Level Annotations

Branches:
Dungeon (5/15)
 Temple: D:4-7

Altars:
Gozag
Okawaru
Qazlal
Ru

Annotations:
D:5 exclusion: sky beast


Innate Abilities, Weirdness & Mutations

You have extremely sharp teeth.
You heal very quickly.
When hurt, damage is shared between your health and your magic reserves.
Your bite disrupts and absorbs the magic of your enemies.
Potions and wands cannot restore your health.
You are immune to rotting.
You cannot study or use magical devices.


Message History

A dart slug comes into view.
A sky beast comes into view.
You see here 6 stones.
You are feeling very hungry.
There is a stone staircase leading up here.
You climb upwards.
There is a stone staircase leading down here.
There is a stone staircase leading down here.
The ogre is too close now for your liking.
You strike the helpless ogre from a blind spot!
You hit the ogre. Your bite misses the ogre.
The ogre is lightly wounded.
The ogre hits you with a giant club!!
Ouch! That really hurt!
You hit the ogre but do no damage. You bite the ogre. You drain its power.
You feel invigorated.
The ogre is moderately wounded.
The ogre hits you with a giant club!!
Ouch! That really hurt!
You die...

#......## #.. ##.....## #..
......## ##. ..##...# #.
####...########## #.
##...........# ##
#..#######..# ### #
#..#.....#.O###.# ##
##.'.....#..@...## ######.
#.#.....#.##....######......
#.#.....#.#.............###.
#.#######.......######### #.
# #................# ## #
##...####........# # ..# .#
##........# # ..... ##
#..(......# # .....
#.........# #


You could see an ogre.

Vanquished Creatures
  A centaur zombie (D:5)
  A hound (D:4)
  3 worker ants
  A hound zombie (D:5)
  2 adders
  An ooze (D:2)
  2 worms (D:3)
  A dart slug (D:2)
  4 orcs
  2 bats
  2 giant cockroaches
  5 goblins
  3 hobgoblins
  3 jackals
  2 quokkas
  A ball python (D:3)
  A giant newt (D:1)
  4 kobolds
  4 rats
43 creatures vanquished.

Notes
Turn   | Place    | Note
--------------------------------------------------------------
     0 | D:1      | manon the Vine Stalker Monk began the quest for the Orb.
     0 | D:1      | Reached XP level 1. HP: 11/11 MP: 2/2
   134 | D:1      | Reached XP level 2. HP: 16/16 MP: 1/3
   727 | D:2      | Reached XP level 3. HP: 19/19 MP: 4/4
  1506 | D:4      | Reached skill level 5 in Unarmed Combat
  1506 | D:4      | Reached XP level 4. HP: 17/24 MP: 3/5
  1687 | D:4      | Found an opulent altar of Gozag.
  1776 | D:4      | Reached XP level 5. HP: 13/28 MP: 4/6
  1870 | D:4      | Noticed an ogre
  2133 | D:5      | Entered Level 5 of the Dungeon
  2168 | D:5      | Noticed an ice beast
  2264 | D:5      | Noticed a sky beast
  2517 | D:5      | Gained mutation: You heal very quickly. [Vine Stalker growth]
  2517 | D:5      | Reached XP level 6. HP: 33/33 MP: 7/7
  2558 | D:5      | Found a sacrificial altar of Ru.
  2558 | D:5      | Found an iron altar of Okawaru.
  2558 | D:5      | Found a stormy altar of Qazlal.
  2565 | D:5      | Became a worshipper of Ru the Awakened
  2586 | D:5      | Gained mutation: You cannot study or use magical devices. [Ru sacrifice]
  2586 | D:5      | Reached * piety under Ru
  2586 | D:5      | Reached ** piety under Ru
  2586 | D:5      | Reached *** piety under Ru
  2619 | D:5      | Noticed a sky beast
  2736 | D:4      | Slain by an ogre

Vault maps used:
D:1:      elethiomel_arrival_shortcut
D:4:      grunt_gozag_statues, first_bread, nrook_mini_vaults
D:5:      vehumet_altar_wand_db, gammafunk_temple_overflow_claw, serial_shops,
          nicolae_shop_waterfront

Skill      XL: |  1  2  3  4 |
---------------+-------------+-----
Fighting       | 3 |  3.8
Unarmed Combat | 5 |  5.7
Dodging        | 3 |  3.2
Stealth        | |  2.4

Action                   |  1- 3 |  4- 6 || total
-------------------------+-------+-------++-------
Melee: Unarmed           |    99 |    68 ||   167
       Bite              |    28 |    20 ||    48
       Punch             |     4 |     4 ||     8
Invok: Sacrifice Artific |       |     1 ||     1
  Use: Scroll            |       |     2 ||     2
 Stab: Sleeping          |     2 |     1 ||     3
       Distracted        |       |     1 ||     1
  Eat: Chunk             |     2 |     1 ||     3
       Pizza             |       |     1 ||     1
Armor: Robe              |     8 |       ||     8
       Leather armour    |     2 |    10 ||    12
Dodge: Dodged            |    39 |    39 ||    78
